 Dungeon Crawl Stone Soup version 0.28-a0-616-gdeb3d7f7b4 (webtiles) character file.

Game seed: 1965860970893069040

359 KristoblXynda the Slasher (level 6, -1/51 HPs)
             Began as a Draconian Gladiator on Oct 6, 2021.
             Killed from afar by Dowan (12 damage)
             ... with a shard of ice
             ... on level 4 of the Dungeon.
             The game lasted 00:04:12 (3939 turns).

KristoblXynda the Slasher (Draconian Gladiator)     Turns: 3939, Time: 00:04:13

Health: -1/51      AC:  7    Str: 18    XL:     6   Next: 37%
Magic:  6/6        EV: 13    Int:  9    God:
Gold:   208        SH:  5    Dex: 18    Spells: 5/5 levels left

rFire   . . .      SeeInvis +   a - +0 long sword
rCold   . . .      Faith    .   o - +0 buckler
rNeg    . . .      Spirit   .   (armour unavailable)
rPois   .          Reflect  .   b - +0 hat
rElec   .          Harm     .   (no cloak)
rCorr   .          Rampage  .   i - +0 pair of gloves
Will    .....                   (no boots)
Stlth   ++........              (no amulet)
HPRegen 0.17/turn               n - ring of see invisible
MPRegen 0.10/turn               m - +6 ring of dexterity

@: lethally poisoned (-1 -> -4)
A: AC +6, unfitting armour, cold-blooded
a: no special abilities


You were on level 4 of the Dungeon.
You visited 1 branch of the dungeon, and saw 4 of its levels.

You collected 208 gold pieces.

Inventory:

Hand Weapons
 a - a +0 long sword (weapon)
Armour
 b - a +0 hat (worn)
 i - a +0 pair of gloves (worn)
 o - a +0 buckler (worn)
Jewellery
 m - a +6 ring of dexterity (right hand)
 n - a ring of see invisible (left hand)
 s - a ring of ice
Scrolls
 j - a scroll of enchant armour {unknown}
 k - a scroll of enchant weapon {unknown}
 l - a scroll of vulnerability {unknown}
 q - a scroll of holy word {unknown}
 r - a scroll of noise {unknown}
Potions
 d - 2 potions of mutation
 g - a potion of might {unknown}
 h - a potion of heal wounds {unknown}
 p - 2 potions of flight


   Skills:
 - Level 3.0 Fighting
 * Level 5.4 Long Blades
 - Level 2.0 Throwing
 + Level 4.0 Dodging
 + Level 2.3 Shields


You had 5 spell levels left.
You didn't know any spells.
Your spell library was empty.

Dungeon Overview and Level Annotations

Branches:
Dungeon (4/15)
 Temple: D:4-7

Altars:
Gozag

Annotations:
D:3 Gargoyl's ghost, amateur GnAK
D:4 Dowan


Innate Abilities, Weirdness & Mutations

Your plain brown scales are hard. (AC +6)
You cannot fit into any form of body armour.
You are cold-blooded and may be slowed by cold attacks.


Message History

Unknown command.
You cannot move.
You feel less wooden.
Your +0 hat unmelds from your body.
Your +0 pair of gloves unmelds from your body.
Dowan casts a spell.
Dowan blinks!
Throw: throwing net
Press: ? - help, Q - select action Shift-Dir - straight line, f/p - Dowan
Aim: Dowan, wielding a +2 dagger of venom and wearing a +0 robe (lightly wounded, fast, 53% to hit)
You throw a throwing net. The throwing net hits Dowan.
Dowan is caught in the net!
Dowan is lightly wounded.
Dowan struggles against the net.
You catch the helpless Dowan completely off-guard!
You hit Dowan. You tail-slap Dowan, but do no damage.
Dowan is lightly wounded.
Dowan breathes, "And she was my only..."
Dowan gestures at you while chanting. You block the shard of ice.
Dowan struggles against the net.
You catch the helpless Dowan completely off-guard!
You hit Dowan. You tail-slap Dowan.
Dowan is moderately wounded.
Dowan casts a spell.
Dowan blinks!
You start resting.
Dowan is nearby!
You closely miss Dowan.
Dowan is moderately wounded.
Dowan hits you but does no damage.
You are poisoned.
You closely miss Dowan.
Dowan is moderately wounded.
You feel sick.
Dowan gestures wildly while chanting.
Dowan blinks!
You feel sick. Dowan casts a spell at you. The shard of ice hits you!
You die...

#<###..######## #.#
#.......... #.#
#.#########
########.###.#
#.........##.#
#.#######.##.#
#.##.#######
#...........
#.@..e......
#.#########. # #(#
#.#######†#
#..<......###
###.e....(..#
...?...#..##.#
#.#######........e...
##.........<#


You could see Dowan (fast).

Vanquished Creatures
  Duvessa (D:4)
  A centaur (D:3)
  A quasit (D:3)
  4 gnolls (D:3)
  2 adders
  An ufetubus (D:4)
  4 worms
  A dart slug (D:2)
  2 orcs (D:3)
  3 endoplasms
  A giant cockroach (D:2)
  3 goblins
  4 hobgoblins
  11 jackals
  5 quokkas
  4 ball pythons
  6 bats
  4 frilled lizards
  7 kobolds
  4 rats
69 creatures vanquished.

Notes
Turn   | Place    | Note
-------+----------+-------------------------------------------
     0 | D:1      | KristoblXynda the Draconian Gladiator began the quest for
                  | the Orb.
     0 | D:1      | Reached XP level 1. HP: 17/17 MP: 1/1
   181 | D:1      | Reached XP level 2. HP: 21/25 MP: 2/2
   560 | D:1      | Found a faded altar of an unknown god.
  1675 | D:2      | Reached XP level 3. HP: 13/30 MP: 3/3
  2743 | D:3      | Reached skill level 4 in Long Blades
  2743 | D:3      | Reached XP level 4. HP: 38/38 MP: 4/4
  2801 | D:3      | Found an opulent altar of Gozag.
  2810 | D:3      | Noticed a centaur
  2822 | D:3      | Killed a centaur
  2823 | D:3      | Reached skill level 1 in Shields
  2823 | D:3      | Reached XP level 5. HP: 33/45 MP: 5/5
  3184 | D:3      | Found a transporter.
  3190 | D:3      | Noticed Gargoyl's ghost (amateur GnAK)
  3326 | D:3      | Found a transporter.
  3530 | D:3      | Reached skill level 5 in Long Blades
  3813 | D:4      | Noticed Dowan
  3817 | D:4      | Noticed Duvessa
  3922 | D:4      | Killed Duvessa
  3923 | D:4      | Reached XP level 6. HP: 11/51 MP: 6/6
  3939 | D:4      | Killed from afar by Dowan

Illustrated notes

Levels and vault maps discovered:
D:1:      heliophobic_arrival_battle_scene, layout_loops_corners,
          hellmonk_ecumenical_altar_crossroads, minivault_4
D:2:      layout_rooms, minmay_nonomino_d4
D:3:      layout_rooms, nicolae_gozag_seed_capital, gammafunk_ghost_stat_death
D:4:      layout_loops_ring, grunt_qazlal_clouds,
          minmay_overflow_temple_star_quad, minmay_temple_entry_crystal_x,
          minmay_manual_mail, uniq_duvessa

Skill      XL: |  1  2  3  4  5 |
---------------+----------------+-----
Throwing       | 2 |  2.0
Dodging        | 3 4 |  4.0
Fighting       | 3 |  3.0
Long Blades    | 4 5 |  5.4
Shields        | 1 2 |  2.3

Action                   |  1- 3 |  4- 6 || total
-------------------------+-------+-------++-------
Melee: Long sword        |   126 |   114 ||   240
       Tailslap          |    11 |    13 ||    24
Throw: Throwing net      |       |     3 ||     3
  Use: Potion            |       |     4 ||     4
       Scroll            |       |     3 ||     3
 Stab: Sleeping          |     2 |       ||     2
       Held in net/web   |       |     2 ||     2
Armor: Skin              |    59 |    67 ||   126
Dodge: Dodged            |   132 |   128 ||   260
Block: Buckler           |     5 |    28 ||    33

Table legend: (Time is in decaauts)
 A = Elapsed time spent in this place.
 B = Non-inter-level travel time spent in this place.
 C = Inter-level travel time spent in this place.
 D = Time resting spent in this place.
 E = Time spent auto-exploring this place.
 F = Levels seen in this place.
 G = Mean time per level.
                   A        B        C        D        E       F      G
               +--------+--------+--------+--------+--------+-----+--------+
         Total |   3992 |   3845 |    147 |    944 |   2282 |   4 |  998.0 |
       Dungeon |   3992 |   3845 |    147 |    944 |   2282 |   4 |  998.0 |
               +--------+--------+--------+--------+--------+-----+--------+

Top non-repeatable levels by time:
     D:2: 1577 daAuts
     D:1: 1165 daAuts
     D:3: 1097 daAuts
     D:4: 151 daAuts
